 Dungeon Crawl Stone Soup version 0.23.2-40-g277498a001 (webtiles) character file.

Game seed: 15953714093175329379

170 Aggronaut the Cutter (level 5, -4/32 HPs)
             Began as a Kobold Berserker on Sept 30, 2019.
             Was a Believer of Trog.
             Slain by a worker ant (6 damage)
             ... on level 3 of the Dungeon.
             The game lasted 00:06:16 (2994 turns).

Aggronaut the Cutter (Kobold Berserker)             Turns: 2994, Time: 00:06:16

Health: -4/32      AC:  3    Str: 16    XL:     5   Next: 80%
Magic:  5/5        EV: 16    Int:  8    God:    Trog [**....]
Gold:   97         SH:  0    Dex: 14    Spells: 4/4 levels left

rFire    . . .     SeeInvis .   k - +0 short sword
rCold    . . .     Gourm    .   (shield restricted)
rNeg     . . .     Faith    .   b - +0 animal skin
rPois    .         Spirit   .   i - +0 helmet
rElec    .         Reflect  .   (no cloak)
rCorr    .         Harm     .   (no gloves)
MR       .....                  (no boots)
Stlth    ++........             q - amulet of the acrobat
HPRegen  0.10/turn              h - ring of flight
MPRegen  0.09/turn              (no ring)

@: lethally poisoned (-4 -> -9)
A: small, carnivore
a: Berserk, Trog's Hand, Renounce Religion, Evoke Flight


You were on level 3 of the Dungeon.
You worshipped Trog.
Trog was pleased with you.
You were not hungry.

You visited 1 branch of the dungeon, and saw 3 of its levels.

You collected 97 gold pieces.

Inventory:

Hand Weapons
 a - a +0 short sword
 k - a +0 short sword (weapon)
Armour
 b - a +0 animal skin (worn)
 i - a +0 helmet (worn)
Jewellery
 g - an uncursed amulet of regeneration {unknown}
 h - a ring of flight (left hand)
 q - an amulet of the acrobat (around neck)
Scrolls
 d - a scroll of blinking {unknown}
 e - a scroll of fog {unknown}
 j - a scroll of enchant weapon
 l - 2 scrolls of remove curse
 p - a scroll of teleportation
Potions
 f - a potion of heal wounds
 m - 2 potions of flight
 n - a potion of might
Comestibles
 c - 5 rations


   Skills:
 - Level 3.2 Fighting
 * Level 6.3 Short Blades
 - Level 1.5 Armour
 + Level 3.8 Dodging
 + Level 3.5 Stealth


You had 4 spell levels left.
You didn't know any spells.
Your spell library was empty.

Dungeon Overview and Level Annotations

Branches:
Dungeon (3/15)

Altars:
Cheibriados
Ru


Innate Abilities, Weirdness & Mutations

You are small and have problems with some larger weapons.
You are carnivorous and can eat meat at any time.


Message History

a +0 dagger; a +0 robe The worker ant twitches its antennae in your direction.
The worker ant waves its antennae.
Things that are here:
a +0 mace; an orc corpse The worker ant misses you.
The orc completely misses you.
You hit the orc.
The orc is lightly wounded.
The worker ant closely misses you.
You hit the orc but do no damage.
The orc is lightly wounded.
The worker ant bites you!
You are poisoned.
The worker ant poisons you! The orc hits you with a +0 war axe!
* * * LOW HITPOINT WARNING * * *
You hit the orc.
The orc is heavily wounded.
* * * LOW HITPOINT WARNING * * *
You feel sick. The worker ant bites you.
You die...

#..... #.....
#..... #.....
##########
#.....
#........#
##<....
#........##
#......
#.....o...###
#......
#.....a@.)..#
##......
###.#######)#
#....... #.#
#....... #.##
#.<.....
#..####.......
##............
##.#.........
#..##.......
##..........


You could see a worker ant and an orc.

Vanquished Creatures
  A bullfrog (D:2)
  An orc wizard (D:3)
  4 adders
  A worm (D:2)
  2 dart slugs (D:1)
  A leopard gecko (D:3)
  2 orcs (D:3)
  4 bats
  2 giant cockroaches
  5 goblins
  4 hobgoblins
  4 frilled lizards
  6 kobolds
  6 rats
43 creatures vanquished.

Notes
Turn   | Place    | Note
-------+----------+-------------------------------------------
     0 | D:1      | Aggronaut the Kobold Berserker began the quest for the Orb.
     0 | D:1      | Reached XP level 1. HP: 14/14 MP: 1/1
    41 | D:1      | Reached skill level 1 in Stealth
    41 | D:1      | Reached XP level 2. HP: 8/19 MP: 2/2
   979 | D:2      | Reached XP level 3. HP: 23/23 MP: 3/3
  1182 | D:2      | Found a snail-covered altar of Cheibriados.
  1245 | D:2      | Reached ** piety under Trog
  1579 | D:2      | Reached skill level 5 in Short Blades
  1709 | D:2      | Found a sacrificial altar of Ru.
  1746 | D:2      | Reached XP level 4. HP: 26/28 MP: 4/4
  1767 | D:2      | Noticed a bullfrog
  1780 | D:2      | Killed a bullfrog
  1780 | D:2      | Reached XP level 5. HP: 14/32 MP: 5/5
  2752 | D:3      | Reached skill level 6 in Short Blades
  2994 | D:3      | Slain by a worker ant

Skill      XL: |  1  2  3  4  5 |
---------------+----------------+-----
Stealth        | 1 2 3 |  3.5
Dodging        | 3 |  3.8
Short Blades   | 5 6 |  6.3
Fighting       | |  3.2
Armour         | |  1.5

Action                   |  1- 3 |  4- 6 || total
-------------------------+-------+-------++-------
Melee: Short sword       |   112 |    92 ||   204
Invok: Berserk           |     2 |     1 ||     3
  Use: Scroll            |       |     9 ||     9
 Stab: Sleeping          |     4 |       ||     4
  Eat: Chunk             |    10 |     1 ||    11
Armor: Animal skin       |    22 |    10 ||    32
Dodge: Dodged            |    92 |    55 ||   147
